 Dungeon Crawl Stone Soup version 0.26.1-10-gdfb7c7de75 (webtiles) character file.

Game seed: 763009587846129733

39389 tardwrangler69 the Slicer (level 14, -7/81 HPs)
             Began as a Vine Stalker Fighter on Apr 9, 2021.
             Was a High Priest of Okawaru.
             Killed from afar by Nessos (26 damage)
             ... with a bolt of acid
             ... on level 6 of the Lair of Beasts.
             The game lasted 00:23:32 (16306 turns).

tardwrangler69 the Slicer (Vine Stalker Fighter)   Turns: 16306, Time: 00:23:32

Health: -7/81      AC: 10    Str: 22    XL:     14   Next: 6%
Magic:  0/21       EV: 13    Int:  8    God:    Okawaru [*****.]
Gold:   312        SH: 12    Dex: 22    Spells: 13/13 levels left

rFire    . . .     SeeInvis .   U - +5 short sword (drain)
rCold    . . .     Faith    .   c - +0 kite shield
rNeg     . . .     Spirit   +   b - +0 scale mail
rPois    +         Reflect  .   (no helmet)
rElec    .         Harm     .   o - +1 cloak
rCorr    .         Rampage  .   R - +3 pair of gauntlets of War {Slay+5}
Will     +....                  I - +0 pair of boots
Stlth    ++........             n - amulet of regeneration
HPRegen  1.43/turn              T - ring "Voocuguo" {*Slow +Inv rPois Dex+6}
MPRegen  0.17/turn              g - +4 ring of slaying

@: mighty, heroism, corroded
A: fangs 3, regeneration 2, magic shield, antimagic bite, no potion heal 3
a: Renounce Religion, Evoke Invisibility, Heroism, Finesse


You were on level 6 of the Lair of Beasts.
You worshipped Okawaru.
Okawaru was extremely pleased with you.
You visited 2 branches of the dungeon, and saw 17 of its levels.

You collected 1024 gold pieces.
You spent 712 gold pieces at shops.

Inventory:

Hand Weapons
 a - a +0 rapier
 m - a +2 rapier of draining
 U - a +5 short sword of draining (weapon)
Missiles
 k - 8 javelins (quivered)
 y - 5 silver javelins
Armour
 b - a +0 scale mail (worn)
 c - a +0 kite shield (worn)
 o - a +1 cloak (worn)
 I - a +0 pair of boots (worn)
 M - a +7 plate armour of ponderousness
 N - the +1 pair of boots "Ciusmaon" {-Tele Str+5 Stlth+}
   (Okawaru gifted it to you on level 5 of the Lair of Beasts)

   It affects your strength (+5).
   It prevents most forms of teleportation.
   It makes you more stealthy.
 R - the +3 pair of gauntlets of War (worn) {Slay+5}
   (You bought it in a shop on level 9 of the Dungeon)

   It affects your accuracy and damage with ranged weapons and melee attacks
   (+5).
Jewellery
 e - an uncursed ring of resist corrosion
 g - a +4 ring of slaying (right hand)
 h - an uncursed ring of poison resistance
 i - a cursed ring of teleportation {unknown}
 n - an amulet of regeneration (around neck)
 v - an uncursed ring of ice
 z - a cursed ring of attention {unknown}
 F - an uncursed ring of flight
 G - an uncursed ring of ice
 L - a cursed ring of attention {unknown}
 T - the ring "Voocuguo" (left hand) {*Slow +Inv rPois Dex+6}
   (You found it on level 3 of the Lair of Beasts)

   [ring of dexterity]

   It affects your dexterity (+6).
   It protects you from poison.
   It lets you turn invisible.
   It may slow you when you take damage.
Wands
 A - a wand of iceblast (4)
 D - a wand of random effects (25)
 H - a wand of disintegration (11)
 O - a wand of acid (9)
 Q - a wand of enslavement (6)
 S - a wand of digging (7)
Scrolls
 f - 11 scrolls of teleportation
 j - 5 scrolls of remove curse
 q - a scroll of enchant armour
 r - a scroll of fog
 x - a scroll of identify
 J - 2 scrolls of immolation
 K - 3 scrolls of enchant weapon
Potions
 d - 2 potions of might
 l - a potion of berserk rage {unknown}
 p - 8 potions of curing
 s - a potion of flight {unknown}
 t - a potion of attraction {unknown}
 u - 2 potions of brilliance
 B - 3 potions of ambrosia
 C - a potion of magic {unknown}
 E - a potion of mutation {unknown}
 P - 2 potions of haste


   Skills:
 + Level 12.8(17.8) Fighting
 - Level 14.0(19.0) Short Blades
 + Level 7.5(12.5) Armour
 - Level 4.0(9.0) Shields
 + Level 8.0 Invocations


You had 13 spell levels left.
You didn't know any spells.
Your spell library contained the following spells:

 Spells                   Type           Power        Failure   Level
 Animate Skeleton         Necr           0%           89%         1
 Beastly Appendage        Tmut           0%           89%         1
 Corona                   Hex            0%           89%         1
 Magic Dart               Conj           0%           89%         1
 Pain                     Necr           0%           89%         1
 Shock                    Conj/Air       0%           89%         1
 Ensorcelled Hibernation  Hex/Ice        0%           96%         2
 Searing Ray              Conj           0%           96%         2
 Swiftness                Air            0%           96%         2
 Wereblood                Tmut           0%           96%         2
 Confusing Touch          Hex            0%           99%         3
 Dazzling Flash           Conj/Hex       0%           99%         3
 Gell's Gravitas          Tloc           0%           99%         3
 Spider Form              Tmut/Pois      0%           99%         3
 Static Discharge         Conj/Air       0%           99%         3
 Tukima's Dance           Hex            0%           99%         3
 Vampiric Draining        Necr           0%           99%         3
 Airstrike                Air            0%           100%        4
 Animate Dead             Necr           0%           100%        4
 Fulminant Prism          Conj/Hex       0%           100%        4
 Ice Form                 Ice/Tmut       0%           100%        4
 Iskenderun's Mystic Bla  Conj/Tloc      0%           100%        4
 Petrify                  Tmut/Erth      0%           100%        4
 Agony                    Necr           0%           100%        5
 Blade Hands              Tmut           0%           100%        5
 Lightning Bolt           Conj/Air       0%           100%        5
 Metabolic Englaciation   Hex/Ice        0%           100%        5
 Yara's Violent Unravell  Hex/Tmut       0%           100%        5


Dungeon Overview and Level Annotations

Branches:
Dungeon (11/15)            Temple (0/1) D:4            Lair (6/6) D:9
  Swamp (0/4) Lair:2        Snake (0/4) Lair:4        Slime (0/5) Lair:6
    Orc: D:9-12

Altars:
Ashenzari
Cheibriados
Dithmenos
Fedhas
Hepliaklqana
Kikubaaqudgha
Makhleb
Okawaru
Qazlal
Ru
Sif Muna
Vehumet
Xom
Zin

Shops:
D:9 *

Annotations:
Lair:1 2 transporters, Vew Pil's ghost, journeyman DrTm
Lair:5 exclusion: downstairs
Lair:6 Nessos


Innate Abilities, Weirdness & Mutations

You have razor-sharp teeth.
You heal very quickly.
When hurt, damage is shared between your health and your magic reserves.
Your bite disrupts and absorbs the magic of your enemies.
Potions cannot restore your health.


Message History

Nessos mumbles some strange words.
Nessos seems to speed up.
You puncture the wolf!
You kill the wolf!
Okawaru accepts your kill.
Nessos shoots an arrow.
The arrow closely misses you.
Nessos zaps a wand.
The bolt of acid hits you! The acid corrodes you!
You are splashed with acid!
Nessos unwields a +1 longbow of flaming.
It stops flaming.
Nessos hits you.
You hit Nessos but do no damage. You bite Nessos, but do no damage.
Nessos zaps a wand.
The bolt of acid hits you!! The acid corrodes you!
You are splashed with acid!
* * * LOW HITPOINT WARNING * * *
Okay, then.
Unknown command.
You feel very mighty all of a sudden.
Nessos pounds the earth with their hooves.
Nessos zaps a wand.
The bolt of acid hits you!!
You die...

#### ....... ...P# ......
..(.. # #...... ...P#.
....... #...## ....... ...
##....# ....P.. ....
##..P..##......###...#
##.....#(#.....# #.....#
#....P.†#@.<./.# #......##
#.....#†###c...## #....P.#.
....###.# ....# #..!.....
..###..## #...# #....##..
###...## ....# ##.....#..
###.....######...###.........
#........##.##....###........
#.......#.........##.....###.
###................##....###.


You could see Nessos (fast).

Vanquished Creatures
  Kirke (Lair:5)
  Fannar (Lair:3)
  Erolcha (D:9)
  5 hydras
  3 boulder beetles
  3 two-headed ogres
  A catoblepas (Lair:3)
  5 death yaks
  2 bog bodies (Lair:2)
  An oklob plant (Lair:3)
  An elephant (D:9)
  4 black mambas
  A gargoyle (D:10)
  6 cane toads
  4 rime drakes
  8 komodo dragons
  16 blink frogs
  3 hogs (Lair:5)
  12 yaks
  6 wyverns
  6 basilisks
  2 swamp worms (Lair:2)
  Edmund (D:4)
  A naga (Lair:4)
  17 water moccasins
  An eye of draining (D:10)
  5 sky beasts
  An ice beast (D:9)
  2 phantoms
  4 black bears
  4 orc warriors
  11 wolves
  5 ogres
  8 centaurs
  A big kobold (D:10)
  16 bullfrogs
  A water moccasin skeleton (D:6)
  8 scorpions
  16 killer bees
  21 wights
  3 electric eels
  A howler monkey (D:2)
  2 centaur zombies
  2 hounds
  4 orc priests
  3 bullfrog skeletons (D:9)
  5 iguanas
  16 orc wizards
  6 worker ants
  A hound skeleton (D:10)
  2 howler monkey zombies
  A worker ant zombie (D:10)
  7 adders
  7 gnolls
  2 shadow imps
  2 white imps (D:10)
  An ufetubus (D:10)
  2 adder zombies
  An ooze (D:1)
  4 worms
  3 dart slugs
  5 leopard geckos
  45 orcs
  A ball python (D:1)
  8 giant cockroaches
  4 goblins
  8 hobgoblins
  7 jackals
  5 quokkas
  8 bats
  7 frilled lizards
  12 kobolds
  A quokka zombie (D:6)
  8 rats
409 creatures vanquished.

Vanquished Creatures (others)
  48 fungi
  103 plants
151 creatures vanquished.

Grand Total: 560 creatures vanquished

Notes
Turn   | Place    | Note
-------+----------+-------------------------------------------
     0 | D:1      | tardwrangler69 the Vine Stalker Fighter began the quest for
                  | the Orb.
     0 | D:1      | Reached XP level 1. HP: 11/11 MP: 2/2
   128 | D:1      | Reached skill level 2 in Short Blades
   137 | D:1      | Reached XP level 2. HP: 14/16 MP: 3/3
   684 | D:1      | Reached XP level 3. HP: 20/20 MP: 4/4
  1123 | D:2      | Reached skill level 3 in Short Blades
  1243 | D:2      | Found an iron altar of Okawaru.
  1301 | D:2      | Became a worshipper of Warmaster Okawaru
  1493 | D:2      | Gained mutation: Your natural rate of healing is unusually
                  | fast. [Vine Stalker growth]
  1493 | D:2      | Reached XP level 4. HP: 20/24 MP: 5/5
  2333 | D:3      | Found a faded altar of an unknown god.
  2362 | D:3      | Reached XP level 5. HP: 28/28 MP: 6/6
  2604 | D:3      | Reached skill level 4 in Short Blades
  2934 | D:4      | Found a snail-covered altar of Cheibriados.
  3088 | D:4      | Found a stormy altar of Qazlal.
  3238 | D:4      | Noticed an ogre
  3269 | D:4      | Noticed Edmund
  3278 | D:4      | Reached XP level 6. HP: 32/33 MP: 7/7
  3286 | D:4      | Killed Edmund
  3286 | D:4      | Reached * piety under Okawaru
  3287 | D:4      | Reached skill level 5 in Short Blades
  3354 | D:4      | Reached XP level 7. HP: 38/38 MP: 8/8
  3748 | D:4      | Found a staircase to the Ecumenical Temple.
  3773 | D:5      | Entered Level 5 of the Dungeon
  3938 | D:5      | Reached skill level 6 in Short Blades
  4398 | D:5      | Reached ** piety under Okawaru
  4428 | D:5      | Reached skill level 5 in Fighting
  4667 | D:5      | Found a shimmering blue altar of Sif Muna.
  4821 | D:6      | Gained mutation: You have razor-sharp teeth. [Vine Stalker
                  | growth]
  4821 | D:6      | Reached XP level 8. HP: 29/43 MP: 5/9
  5074 | D:6      | Reached skill level 7 in Short Blades
  5278 | D:6      | Reached *** piety under Okawaru
  5396 | D:6      | Reached skill level 8 in Short Blades
  5709 | D:6      | Reached XP level 9. HP: 49/49 MP: 10/10
  5941 | D:7      | Reached skill level 9 in Short Blades
  6070 | D:7      | Reached **** piety under Okawaru
  6187 | D:7      | Found a radiant altar of Vehumet.
  6710 | D:7      | Found a shimmering altar of Xom.
  6957 | D:8      | Reached skill level 10 in Short Blades
  7110 | D:8      | Found a glowing silver altar of Zin.
  7131 | D:8      | Found a shimmering altar of Xom.
  7138 | D:8      | Found a shadowy altar of Dithmenos.
  7168 | D:8      | Found an ancient bone altar of Kikubaaqudgha.
  7179 | D:8      | Found a blossoming altar of Fedhas.
  7186 | D:8      | Found a burning altar of Makhleb.
  7198 | D:8      | Found an iron altar of Okawaru.
  7353 | D:8      | Reached XP level 10. HP: 56/56 MP: 11/11
  7448 | D:8      | Reached ***** piety under Okawaru
  7451 | D:8      | Noticed a two-headed ogre
  7466 | D:8      | Killed a two-headed ogre
  7467 | D:8      | Reached skill level 11 in Short Blades
  7576 | D:8      | Found a hazy altar of Hepliaklqana.
  8066 | D:9      | Found a broken altar of Ashenzari.
  8184 | D:9      | Noticed Erolcha
  8194 | D:9      | Killed Erolcha
  8194 | D:9      | Received a gift from Okawaru
  8303 | D:9      | Found a staircase to the Lair.
  8303 | D:9      | Noticed an elephant
  8316 | D:9      | Received a gift from Okawaru
  8328 | D:9      | Killed an elephant
  8329 | D:9      | Reached XP level 11. HP: 62/62 MP: 12/12
  8490 | D:9      | Found Ycvaixt's General Store.
  8860 | D:10     | Entered Level 10 of the Dungeon
  8861 | D:10     | Noticed a two-headed ogre
  8870 | D:10     | Killed a two-headed ogre
  8871 | D:10     | Reached skill level 12 in Short Blades
  8941 | D:10     | You fall into a shaft and drop 1 floor!
  9063 | D:11     | Noticed a white ugly thing
  9095 | D:10     | Noticed a boulder beetle
  9121 | D:10     | Killed a boulder beetle
  9345 | D:10     | Reached skill level 10 in Fighting
  9423 | D:10     | Noticed a two-headed ogre
  9429 | D:10     | Killed a two-headed ogre
  9728 | D:10     | Received a gift from Okawaru
  9795 | D:10     | Received a gift from Okawaru
  9888 | D:10     | Noticed a death knight
  9888 | D:10     | Noticed a centaur warrior
  9943 | Lair:1   | Entered Level 1 of the Lair of Beasts
  9974 | Lair:1   | Found a glowing silver altar of Zin.
 10180 | Lair:1   | Noticed a seven-headed hydra
 10187 | Lair:1   | Killed a seven-headed hydra
 10187 | Lair:1   | Received a gift from Okawaru
 10347 | Lair:1   | Reached skill level 13 in Short Blades
 10348 | Lair:1   | Reached skill level 1 in Invocations
 10348 | Lair:1   | Gained mutation: You heal very quickly. [Vine Stalker
                  | growth]
 10348 | Lair:1   | Reached XP level 12. HP: 48/69 MP: 10/13
 10392 | Lair:1   | Noticed Vew Pil's ghost (journeyman DrTm)
 10414 | Lair:1   | Found a transporter.
 10418 | Lair:1   | Found a transporter.
 11349 | Lair:2   | Received a gift from Okawaru
 11420 | Lair:2   | Reached ****** piety under Okawaru
 11827 | D:9      | Bought the +3 pair of gauntlets of War {Slay+5} for 712
                  | gold pieces
 11827 | D:9      | Found the +3 pair of gauntlets of War {Slay+5}
 12015 | Lair:2   | Found a staircase to the Swamp.
 12137 | Lair:2   | Noticed a seven-headed hydra
 12149 | Lair:2   | Killed a seven-headed hydra
 12615 | Lair:3   | Noticed Fannar
 12647 | Lair:3   | Killed Fannar
 12674 | Lair:3   | Reached skill level 5 in Armour
 12848 | Lair:3   | Noticed a catoblepas
 12848 | Lair:3   | Noticed a death yak
 12848 | Lair:3   | Noticed a death yak
 12862 | Lair:3   | Killed a death yak
 12863 | Lair:3   | Reached skill level 5 in Invocations
 12863 | Lair:3   | Noticed a death yak
 12867 | Lair:3   | Killed a death yak
 12868 | Lair:3   | Reached XP level 13. HP: 64/74 MP: 17/17
 12973 | Lair:3   | Got a bound marble ring
 13003 | Lair:3   | Identified the ring "Voocuguo" {*Slow +Inv rPois Dex+6}
                  | (You found it on level 3 of the Lair of Beasts)
 13113 | Lair:3   | Received a gift from Okawaru
 13871 | Lair:4   | Reached skill level 14 in Short Blades
 14105 | Lair:4   | Found a staircase to the Snake Pit.
 14123 | Lair:4   | Found a sacrificial altar of Ru.
 14770 | Lair:5   | Noticed Kirke
 14790 | Lair:5   | Killed Kirke
 14790 | Lair:5   | Received a gift from Okawaru
 14793 | Lair:5   | Got a pair of translucent boots {god gift}
 14805 | Lair:5   | Identified the +1 pair of boots "Ciusmaon" {-Tele Str+5
                  | Stlth+} (Okawaru gifted it to you on level 5 of the Lair of
                  | Beasts)
 15742 | Lair:6   | Entered Level 6 of the Lair of Beasts
 15742 | Lair:6   | Noticed Nessos
 16012 | Lair:6   | Found a staircase to the Slime Pits.
 16173 | Lair:6   | Reached XP level 14. HP: 81/81 MP: 20/20
 16306 | Lair:6   | Killed from afar by Nessos

Illustrated notes

Levels and vault maps discovered:
D:1:      lightli_arrival_windingriver, layout_basic
D:2:      layout_basic, okawaru_metal_pillars_3
D:3:      layout_loops_ring, chequers_ecumenical_altar_simple_redux,
          st_stairs_13
D:4:      minmay_chambers_of_twos, layout_basic, grunt_qazlal_sundering,
          kennysheep_slug_shrine, temple_hall, grunt_decor_clamped,
          lightli_corner_chamber, uniq_edmund
D:5:      layout_loops_corners, lemuel_blue_sif_altar
D:6:      layout_cave_pods, fountainhead, grunt_ministairs_2,
          hangedman_decor_points
D:7:      layout_loops_ring, lemuel_doored_altar, tgw_xom
D:8:      layout_loops_ring, nzn_hepliaklqana_mist_gate,
          grunt_temple_overflow_octagram
D:9:      layout_loops_ring, cheibrodos_ashenzari_chains, david_lair_generic,
          serial_shops, nicolae_shop_waterfront, uniq_erolcha
D:10:     kennysheep_windowed_halls, layout_loops_ring
D:11:     layout_long_grid, grunt_ministairs_14, uniq_erica
Lair:1:   layout_gridlike, gammafunk_ghost_hive, serial_bayou_lagoon_a,
          lemuel_centaur_altar
Lair:2:   layout_regular_city, nicolae_swamp_entry_splash_gauntlet,
          grunt_megastairs_5, lemuel_fruit_tree
Lair:3:   layout_long_grid, serial_bayou_crossing, lemuel_fruit_fields,
          grunt_megastairs_3, minmay_lair_oklob_chamber,
          infiniplex_staircase_pool_2, uniq_fannar
Lair:4:   layout_cave_pods, guppyfry_snake_entry_garden, basic_altar
Lair:5:   layout_small_grid, infiniplex_staircase_pool, serial_bayou_shore_a,
          uniq_kirke
Lair:6:   hangedman_lair_tendril_chambers, layout_cellular_growth,
          dpeg_slime_entry_corner, uniq_nessos

Skill      XL: |  1  2  3  4  5  6  7  8  9 10 11 12 13 14 |
---------------+-------------------------------------------+-----
Short Blades   | 2 3 4 5 6 8 10 11 13 14 | 14.0
Fighting       | 3 4 5 6 7 9 10 11 12 | 12.8
Shields        | 4 |  4.0
Armour         | 3 5 7 |  7.5
Invocations    | 1 5 7 8 |  8.0

Action                   |  1- 3 |  4- 6 |  7- 9 | 10-12 | 13-15 || total
-------------------------+-------+-------+-------+-------+-------++-------
Melee: Rapier            |    93 |   107 |   255 |   511 |    43 ||  1009
       Bite              |    25 |    25 |    87 |   216 |   106 ||   459
       Short sword       |       |       |       |       |   147 ||   147
Invok: Heroism           |       |       |     4 |    15 |    10 ||    29
       Finesse           |       |       |       |     2 |     3 ||     5
Evoke: Wand              |       |       |       |     2 |     4 ||     6
  Use: Scroll            |       |       |    11 |     5 |     9 ||    25
       Potion            |       |       |       |       |     1 ||     1
 Stab: Sleeping          |       |       |       |       |     1 ||     1
Armor: Scale mail        |    44 |    22 |    61 |    99 |    52 ||   278
Dodge: Dodged            |    30 |    14 |    38 |    86 |    37 ||   205
Block: Kite shield       |    57 |    41 |   101 |   151 |    62 ||   412
